 Dungeon Crawl Stone Soup version 0.28.0-45-g0d030f2227 (webtiles) character file.

Game seed: 18247816168336890116

539 nickcage the Skirmisher (level 7, -10/58 HPs)
             Began as a Djinni Fire Elementalist on Apr 12, 2022.
             Was an Initiate of Qazlal.
             Mangled by Pikel
             ... wielding a +2 whip of electrocution
              (16 damage)
             ... on level 4 of the Dungeon.
             The game lasted 00:11:11 (5833 turns).

nickcage the Skirmisher (Djinni Fire Elementalist)  Turns: 5833, Time: 00:11:11

Health: -10/58     AC:  3    Str:  4    XL:     7   Next: 51%
Gold:   111        EV: 12    Int: 22    God:    Qazlal [......] SH:  0 Dex: 14

rFire   + + .      SeeInvis .   q - +4 dagger (flame)
rCold   x . .      Faith    .   (no shield)
rNeg    + . .      Spirit   .   u - +1 robe of Ecse {Str-3 Int+4}
rPois   ∞          Reflect  .   (no helmet)
rElec   .          Harm     .   (no cloak)
rCorr   .          Rampage  .   (no gloves)
Will    .....                   (boots unavailable)
Stlth   ++........              (no amulet)
HPRegen 0.19/turn               d - +4 ring of slaying
MPRegen 0.00/turn               m - ring of positive energy

@: flying, very slightly contaminated
A: sickness immunity, fire resistance 2, cold vulnerability 1, float, innate
caster, HP casting, extra vitality 1
a: Renounce Religion


You were on level 4 of the Dungeon.
You worshipped Qazlal.
Qazlal was noncommittal.
You visited 2 branches of the dungeon, and saw 5 of its levels.
You also visited: Ossuary.

You collected 111 gold pieces.

Inventory:

Hand Weapons
 c - a +0 short sword
 l - a +0 morningstar
 n - a +0 great sword
 q - a +4 dagger of flaming (weapon)
Armour
 a - a +0 robe
 j - a scarf of resistance
 u - the +1 robe of Ecse (worn) {Str-3 Int+4}
   (You found it on level 3 of the Dungeon)

   Str:       It affects your strength (-3).
   Int:       It affects your intelligence (+4).
Magical Staves
 w - a staff of earth
Jewellery
 d - a +4 ring of slaying (left hand)
 h - an amulet of faith
 m - a ring of positive energy (right hand)
Wands
 p - a wand of acid (10)
 s - a wand of paralysis (5)
 t - a wand of charming (7)
Scrolls
 b - 2 scrolls of identify {unknown}
 e - 3 scrolls of teleportation {unknown}
 g - a scroll of summoning {unknown}
 o - a scroll of immolation {unknown}
 r - a scroll of vulnerability {unknown}
 v - a scroll of brand weapon {unknown}
 y - a scroll of silence {unknown}
 A - a scroll of enchant armour {unknown}
 C - a scroll of fear {unknown}
 E - a scroll of fog {unknown}
Potions
 f - 3 potions of curing {unknown}
 i - 2 potions of ambrosia {unknown}
 k - 2 potions of haste {unknown}
 x - a potion of heal wounds {unknown}
 z - a potion of cancellation {unknown}
 B - a potion of flight {unknown}
 D - a potion of degeneration {unknown}


   Skills:
 * Level 7.0 Fighting
 - Level 2.1 Dodging
 - Level 1.5 Stealth
 - Level 3.0 Spellcasting


You couldn't memorise any spells.
You knew the following spells:

 Your Spells              Type           Power      Damage    Failure   Level
a - Foxfire               Conj/Fire      64%        2x1d7     3%          1
b - Scorch                Fire           32%        2d6       5%          2
c - Conjure Flame         Conj/Fire      16%        6-21      11%         3
d - Inner Flame           Hex/Fire       16%        N/A       11%         3
e - Flame Wave            Conj/Fire      16%        2d6       34%         4
f - Freeze                Ice            64%        1d8       3%          1
g - Poisonous Vapours     Pois/Air       32%        N/A       5%          2
h - Tukima's Dance        Hex            16%        N/A       11%         3
Your spell library was empty.

Dungeon Overview and Level Annotations

Branches:
Dungeon (4/15)             Temple (1/1) D:4         Ossuary (visited)

Altars:
Ashenzari
Cheibriados
Dithmenos
Elyvilon
Fedhas
Gozag
Hepliaklqana
Kikubaaqudgha
Makhleb
Nemelex Xobeh
Okawaru
Qazlal
Ru
Sif Muna
Trog
Vehumet
Wu Jian
Xom
Yredelemnul
Zin
The Shining One

Shops:
D:2 (

Annotations:
D:4 Pikel


Innate Abilities, Weirdness & Mutations

You are immune to sickness and miasma.
You are immune to poison.
Your flesh is very heat resistant. (rF++)
You are vulnerable to cold. (rC-)
You float through the air rather than walking.
You learn spells naturally, not from books.
Your magical power is your life essence.
You have superior vitality. (+4 MHP)


Message History

You reach down and open the door.
There is an open door here.
Done exploring.
You reach down and open the door.
There is an open door here.
You reach down and open the door.
There is an open door here.
There is a stormy altar of Qazlal here.
You hover solemnly before the altar of Qazlal.
Qazlal welcomes you!
Qazlal grants you and your divine allies immunity to clouds.
(D) Dungeon (T) Temple
Where to? (Enter - D:4, ? - help)
There is an open door here.
You reach down and open the door.
There is an open door here.
There is a staircase back to the Dungeon here.
You fly upwards.
Welcome back to the Dungeon!
Level annotation: Pikel Pikel shouts!
You hear a shout! x3
There is a staircase to the Ecumenical Temple here.
There are monsters nearby!
A kobold comes into view. It is wielding a +0 dagger.
Pikel scowls and wipes his hands on his robe.
Pikel drinks a potion.
Pikel goes berserk!
Flames lash Pikel.
Pikel is lightly wounded.
Pikel's fire resistance burns away.
You hear a shout!
You miscast Scorch.
You are very lightly contaminated with residual magic.
Nothing appears to happen.
Pikel hits you with a +2 whip of electrocution!!
Flames lash Pikel.
Pikel is burned terribly!
Pikel is lightly wounded.
Pikel hits you with a +2 whip of electrocution!
Pikel hits you with a +2 whip of electrocution!!
* * * LOW HITPOINT WARNING * * *
You are electrocuted!
You die...

#.# .....5######.#
....## #.# 5.....
#...#.# #...^.# #
...K. #.#.#.###......
. ..... ............#
#5 ..... #.#...#.....#
..# ...5.. #.###
......#
#K..##...###.....#
#..#........#)#
..##5K@..##..)####.#
#.....!..#...).<...#
#...###...##...#######
... ###.#..### .
...#.#..# .##(.....
##.#..# ....#


You could see Pikel (berserk, combustible), 2 lemures and a kobold.

Vanquished Creatures
  An ogre (D:4)
  A lemure (D:3)
  2 water moccasin zombies (Ossuary)
  2 iguanas
  2 orc wizards (D:3)
  2 mummies (Ossuary)
  Robin (D:4)
  4 gnolls
  5 adders
  An ufetubus (D:4)
  6 adder zombies (Ossuary)
  3 worms
  A dart slug (D:1)
  2 orcs (D:3)
  5 endoplasms
  9 giant cockroaches
  2 gnoll zombies (Ossuary)
  14 goblins
  4 hobgoblins
  2 jackals (D:4)
  2 quokkas
  6 ball pythons
  4 bats
  2 frilled lizards
  4 hobgoblin zombies (Ossuary)
  A kobold (D:1)
  5 kobold zombies (Ossuary)
  5 orc zombies (Ossuary)
  4 rats
102 creatures vanquished.

Vanquished Creatures (others)
  13 foxfires (D:1)
13 creatures vanquished.

Grand Total: 115 creatures vanquished

Notes
Turn   | Place    | Note
-------+----------+-------------------------------------------
     0 | D:1      | nickcage the Djinni Fire Elementalist began the quest for
                  | the Orb.
     0 | D:1      | Reached XP level 1. HP: 15/15 MP: 0/0
   347 | D:1      | Reached XP level 2. HP: 19/22 MP: 0/0
  1208 | D:1      | Reached XP level 3. HP: 17/26 MP: 0/0
  1208 | D:1      | Learned a level 1 spell: Freeze
  1457 | D:2      | Reached skill level 1 in Fighting
  1749 | D:2      | Found Mycaown's Antique Weapon Emporium.
  1766 | D:2      | Reached skill level 2 in Fighting
  1766 | D:2      | Reached XP level 4. HP: 29/34 MP: 0/0
  2182 | D:2      | Reached skill level 3 in Fighting
  2566 | D:3      | Reached XP level 5. HP: 25/40 MP: 0/0
  2566 | D:3      | Learned a level 2 spell: Poisonous Vapours
  2570 | D:3      | Reached skill level 4 in Fighting
  2999 | D:3      | Identified the +1 robe of Ecse {Str-3 Int+4}
  3170 | D:3      | Found a faded altar of an unknown god.
  3465 | D:4      | Noticed Pikel
  3465 | D:4      | Noticed a lemure
  3465 | D:4      | Noticed a lemure
  3465 | D:4      | Noticed a lemure
  3502 | D:4      | Noticed an ogre
  3508 | D:4      | Killed an ogre
  3509 | D:4      | Reached skill level 5 in Fighting
  3509 | D:4      | Reached XP level 6. HP: 32/49 MP: 0/0
  3663 | D:4      | Found a sand-covered staircase.
  3672 | Ossuary  | Entered an ossuary
  3872 | Ossuary  | Reached skill level 6 in Fighting
  3872 | Ossuary  | Reached XP level 7. HP: 28/56 MP: 0/0
  3872 | Ossuary  | Learned a level 3 spell: Tukima's Dance
  4463 | D:4      | Noticed Robin
  4487 | D:4      | Killed Robin
  5152 | D:4      | Reached skill level 7 in Fighting
  5190 | D:4      | Found a staircase to the Ecumenical Temple.
  5200 | Temple   | Entered the Ecumenical Temple
  5773 | Temple   | Became a worshipper of Qazlal Stormbringer
  5833 | D:4      | Mangled by Pikel

Illustrated notes

Levels and vault maps discovered:
D:1:      elethiomel_arrival_maze, layout_basic, minmay_misc_feat_nine_boxes,
          grunt_decor_mini_mirrors
D:2:      layout_rooms, serial_shops, shop_fountains
D:3:      layout_rooms, basic_ecumenical_altar, chequers_serial_rivers_marsh
D:4:      layout_rooms, minmay_temple_entry_slanted, enter_ossuary_3,
          minmay_snake_closets, uniq_pikel, uniq_duvessa, uniq_robin,
          uniq_eustachio
Temple:   mainiacjoe_temple_starburst

Skill      XL: |  1  2  3  4  5  6  7 |
---------------+----------------------+-----
Spellcasting   | 3 |  3.0
Fighting       | 2 3 5 6 7 |  7.0
Dodging        | |  2.1
Stealth        | |  1.5

Action                   |  1- 3 |  4- 6 |  7- 9 || total
-------------------------+-------+-------+-------++-------
Melee: Short sword       |     8 |     1 |       ||     9
       Punch             |     1 |     1 |       ||     2
       Great sword       |       |     2 |       ||     2
       Dagger            |       |     2 |       ||     2
 Cast: Foxfire           |     8 |       |       ||     8
       Scorch            |    28 |    62 |    65 ||   155
Armor: Robe              |       |     2 |     7 ||     9
Dodge: Dodged            |    13 |    19 |    15 ||    47
